 Dungeon Crawl Stone Soup version 0.29-a0-80-g3050e97935 (webtiles) character file.

Game seed: 17139921777292544522

52 Frire5873 the Chopper (level 3, -1/27 HPs)
             Began as a Demonspawn Gladiator on Feb 4, 2022.
             Slain by a gnoll (6 damage)
             ... on level 1 of the Dungeon.
             The game lasted 00:10:51 (1359 turns).

Frire5873 the Chopper (Demonspawn Gladiator)        Turns: 1359, Time: 00:10:51

Health: -1/27      AC:  7    Str: 16    XL:     3   Next: 60%
Magic:  3/3        EV: 10    Int:  9    God:
Gold:   79         SH:  0    Dex: 14    Spells: 2/2 levels left

rFire   . . .      SeeInvis .   a - +0 war axe
rCold   . . .      Faith    .   (no shield)
rNeg    . . .      Spirit   .   h - +0 scale mail
rPois   .          Reflect  .   c - +0 helmet
rElec   .          Harm     .   (no cloak)
rCorr   .          Rampage  .   (no gloves)
Will    .....                   (no boots)
Stlth   ..........              (no amulet)
HPRegen 0.09/turn               (no ring)
MPRegen 0.08/turn               (no ring)

@: no status effects
A: demonic magic 1
a: no special abilities


You were on level 1 of the Dungeon.
You visited 1 branch of the dungeon, and saw 2 of its levels.

You collected 79 gold pieces.

Inventory:

Hand Weapons
 a - a +0 war axe (weapon)
Missiles
 d - 3 throwing nets (quivered)
 f - 3 atropa-tipped darts
 l - 3 javelins
Armour
 b - a +0 leather armour
 c - a +0 helmet (worn)
 h - a +0 scale mail (worn)
Jewellery
 e - a ring of positive energy
Scrolls
 g - a scroll of noise {unknown}
 j - 3 scrolls of blinking {unknown}
 k - a scroll of identify {unknown}


   Skills:
 + Level 2.1 Fighting
 * Level 3.8 Axes
 + Level 1.8 Throwing
 + Level 0.1 Armour
 + Level 3.0 Dodging


You had 2 spell levels left.
You didn't know any spells.
Your spell library was empty.

Dungeon Overview and Level Annotations

Branches:
Dungeon (2/15)

Altars:

Annotations:
D:2 Robin


Innate Abilities, Weirdness & Mutations

Spells you cast may paralyse adjacent enemies.


Message History

The hobgoblin hits you but does no damage.
You slash the hobgoblin!
You kill the hobgoblin!
There is an open door here.
You open the door. The gnoll hits you with a +0 flail.
There is an open door here.
You open the door. The gnoll closely misses you.
There is an open door here.
The gnoll hits you with a +0 flail. The hobgoblin hits you.
* * * LOW HITPOINT WARNING * * *
There is an escape hatch in the ceiling here.
The gnoll hits you with a +0 flail!
* * * LOW HITPOINT WARNING * * *
A mysterious force pulls you upwards. The hatch slams shut behind you.
It was a potion of curing.
You feel better. The gnoll misses you. The goblin hits you but does no damage.
The goblin hits you but does no damage.
You slash the goblin!
You kill the goblin!
You barely miss the gnoll. The gnoll misses you.
You hit the gnoll.
The gnoll is lightly wounded.
The gnoll hits you with a +0 flail.
* * * LOW HITPOINT WARNING * * *
The gnoll barely misses you.
You hit the gnoll but do no damage.
The gnoll is lightly wounded.
The gnoll completely misses you.
You feel better. The gnoll hits you with a +0 flail.
You closely miss the gnoll.
The gnoll is lightly wounded.
The gnoll hits you with a +0 flail!
* * * LOW HITPOINT WARNING * * *
You hit the gnoll.
The gnoll is heavily wounded.
The gnoll hits you with a +0 flail.
* * * LOW HITPOINT WARNING * * *
The gnoll hits you with a +0 flail.
You die...

#.####.........#####§≈≈§≈≈≈.≈≈≈≈§
#.####.........# ########.#####
#..............# #........###
#..###.>.......#####..........#
..####............##..........#
#.##...#..........##........).#
#..#.###..........##..........#
..............................#
###########.###.@)##..........#
#.###.###.###.###g##..........#
.#.#.#.#.#.#.#.#..##..........#
.#.#.#.#.#.#.#.#..##..........#
###.###.###.###.#.....#########
#####.###.##########..#
..........##.# #..#
##........##.# ##..###
..........##.# #.....#


You could see a gnoll.

Vanquished Creatures
  6 bats
  4 endoplasms
  4 giant cockroaches
  5 hobgoblins
  3 jackals (D:2)
  3 quokkas (D:1)
  7 ball pythons
  A frilled lizard (D:1)
  9 goblins
  2 kobolds (D:1)
  2 rats
46 creatures vanquished.

Vanquished Creatures (others)
  25 plants (D:1)
25 creatures vanquished.

Grand Total: 71 creatures vanquished

Notes
Turn   | Place    | Note
-------+----------+-------------------------------------------
     0 | D:1      | Frire5873 the Demonspawn Gladiator began the quest for the
                  | Orb.
     0 | D:1      | Reached XP level 1. HP: 16/16 MP: 1/1
   186 | D:1      | Gained mutation: Spells you cast may paralyse adjacent
                  | enemies. [demonic ancestry]
   186 | D:1      | Reached XP level 2. HP: 12/22 MP: 2/2
   774 | D:1      | Found a faded altar of an unknown god.
   926 | D:2      | Reached XP level 3. HP: 27/27 MP: 3/3
  1308 | D:2      | Noticed Robin
  1350 | D:2      | HP: 1/27 [gnoll (8)]
  1359 | D:1      | Slain by a gnoll

Illustrated notes

Levels and vault maps discovered:
D:1:      dpeg_arrival_shrine, layout_rooms, dreamdust_ecumenical_altar_statues,
          serial_bayou_lagoon_a, fountainhead, st_stairs_7,
          grunt_decor_resistance
D:2:      layout_basic, uniq_robin

Skill      XL: |  1  2  3 |
---------------+----------+-----
Axes           | 3 |  3.8
Dodging        | 3 |  3.0
Fighting       | |  2.1
Throwing       | |  1.8
Armour         | |  0.1

Action                   || total
-------------------------++-------
Melee: War axe           ||   128
       Punch             ||     1
  Use: Potion            ||     2
Armor: Leather armour    ||    41
       Scale mail        ||     9
Dodge: Dodged            ||    96

Table legend: (Time is in decaauts)
 A = Elapsed time spent in this place.
 B = Non-inter-level travel time spent in this place.
 C = Inter-level travel time spent in this place.
 D = Time resting spent in this place.
 E = Time spent auto-exploring this place.
 F = Levels seen in this place.
 G = Mean time per level.
                   A        B        C        D        E       F      G
               +--------+--------+--------+--------+--------+-----+--------+
         Total |   1409 |   1300 |    109 |    354 |    527 |   2 |  704.5 |
       Dungeon |   1409 |   1300 |    109 |    354 |    527 |   2 |  704.5 |
               +--------+--------+--------+--------+--------+-----+--------+

Top non-repeatable levels by time:
     D:1: 964 daAuts
     D:2: 445 daAuts
